 Dungeon Crawl Stone Soup version 0.30-a0-368-g86fb4627a9 (webtiles) character file.

Game seed: 3851584510138794289

32 flotson the Sneak (level 3, -3/29 HPs)
             Began as a Demonspawn Delver on Nov 20, 2022.
             Slain by an orc
             ... wielding a +0 short sword
              (5 damage)
             ... on level 4 of the Dungeon.
             The game lasted 00:01:05 (195 turns).

flotson the Sneak (Demonspawn Delver)                Turns: 195, Time: 00:01:06

Health: -3/29      AC:  3    Str: 14    XL:     3   Next: 8%
Magic:  3/3        EV: 12    Int: 11    God:
Gold:   14         SH:  4    Dex: 16    Spells: 2/2 levels left

rFire   . . .      SeeInvis .    a - +0 spear
rCold   . . .      Faith    .    (no shield)
rNeg    . . .      Spirit   .    b - +0 leather armour
rPois   .          Reflect  .    (no helmet)
rElec   .          Harm     .    (no cloak)
rCorr   .          Rampage  .    (no gloves)
Will    .....                    (no boots)
Stlth   ++++......               (no amulet)
HPRegen 0.24/turn                (no ring)
MPRegen 0.08/turn                (no ring)

@: invisible
A: thin skeletal structure 1, condensation shield
a: no special abilities


You were on level 4 of the Dungeon.
You visited 1 branch of the dungeon, and saw 2 of its levels.

You collected 14 gold pieces.

Inventory:

Hand Weapons
 a - a +0 spear (weapon)
Armour
 b - a +0 leather armour (worn)
Wands
 g - a wand of digging (3)
Scrolls
 c - a scroll of fog


   Skills:
 + Level 3.3 Fighting
 - Level 1.7 Polearms
 + Level 1.0 Armour
 + Level 2.2 Dodging
 - Level 4.5 Stealth
 + Level 1.1 Evocations


You had 2 spell levels left.
You didn't know any spells.
Your spell library was empty.

Dungeon Overview and Level Annotations

Branches:
Dungeon (5/15)
 Temple: D:4-7

Altars:
Gozag

Annotations:
D:4 3 runed translucent doors, olddryhag's ghost, amateur VSFi


Innate Abilities, Weirdness & Mutations

You have a somewhat thin skeletal structure. (Dex +2, Stealth+)
A meltable shield of frost defends you. (SH +4)


Message History

The adder attacks as you move away! You block the adder's attack.
You feel sick.
The orc wizard mumbles some strange words.
The orc wizard flickers and vanishes!
Deactivating autopickup; reactivate with Ctrl-A.
The adder barely misses you.
There is a stone staircase leading down here.
You feel sick. You block the adder's attack.
The orc hits you with a +0 short sword.
* * * LOW HITPOINT WARNING * * *
You climb downwards.
You hear the hiss of flowing sand.
There is an entrance to an ossuary on this level.
Hurry and find it before the portal is buried!
You hear the hiss of a very distant avalanche of sand.
Reactivating autopickup.
You feel sick.
There is a stone staircase leading up here.
Okay, then.
Unknown command.
It was a potion of invisibility.
You fade into invisibility!
You feel sick. The orc closely misses you.
You feel sick.
You are no longer poisoned.
You climb upwards.
Level annotation: 3 runed translucent doors, olddryhag's ghost, amateur VSFi The endoplasm freezes you.
* * * LOW HITPOINT WARNING * * *
There is a stone staircase leading down, spattered with blood here.
You hit the endoplasm.
The endoplasm is almost dead.
The endoplasm freezes you.
* * * LOW HITPOINT WARNING * * *
You hear some strange, mumbled words.
The endoplasm resists with significant effort.
The orc barely misses you.
You hit the endoplasm.
You kill the endoplasm!
The orc hits you with a +0 short sword.
You die...

# #. ####.##
....... ####### ##
##.....###....##.8∩
.S......o@....#S...
##J....###.[..+Y...
.?..... ##...+S_8$
###.##.#....$.+W$..
# #.#.###..#...$
..# ..##.8. .# ...#
## . .#.# .#.#


You could see a yak (unable to see you), olddryhag's ghost (unable to see you),
an orc (unable to see you), an endoplasm (asleep) and 2 ball pythons.

Vanquished Creatures
  A hound (D:5)
  An orc (D:4)
  An endoplasm (D:4)
3 creatures vanquished.

Vanquished Creatures (others)
  A fungus (D:5)
  3 plants (D:5)
4 creatures vanquished.

Grand Total: 7 creatures vanquished

Notes
Turn   | Place    | Note
-------+----------+-------------------------------------------
     0 | D:5      | flotson the Demonspawn Delver began the quest for the Orb.
     0 | D:5      | Reached XP level 1. HP: 18/18 MP: 1/1
    69 | D:5      | Noticed a hound
    78 | D:5      | Noticed a hound
    89 | D:5      | Killed a hound
    90 | D:5      | Reached skill level 1 in Armour
    90 | D:5      | Reached skill level 1 in Evocations
    90 | D:5      | Gained mutation: A meltable shield of frost defends you.
                  | (SH +4) [demonic ancestry]
    90 | D:5      | Reached XP level 2. HP: 4/24 MP: 2/2
    90 | D:5      | Gained mutation: You have a somewhat thin skeletal
                  | structure. (Dex +2, Stealth+) [demonic ancestry]
    90 | D:5      | Reached XP level 3. HP: 5/29 MP: 3/3
   108 | D:4      | Noticed a yak
   108 | D:4      | Found a runed translucent gate.
   108 | D:4      | Found a runed translucent gate.
   108 | D:4      | Found an opulent altar of Gozag.
   108 | D:4      | Found a runed translucent gate.
   129 | D:4      | Noticed olddryhag's ghost (amateur VSFi)
   194 | D:4      | HP: 1/29 [frozen (1)]
   195 | D:4      | Slain by an orc

Illustrated notes

Levels and vault maps discovered:
D:4:      layout_loops_cross, overflow_temple_1_default,
          okawaru_metal_pillars_3, mainiacjoe_overflow_alcove_1,
          ebering_ghost_gozag
D:5:      layout_basic, kennysheep_mini_moat, mainiacjoe_overflow_alcove_4,
          gammafunk_ghost_nasty_kobolds, nicolae_ossuary_entry_plus,
          reono_crystal_passage, nicolae_zen_rock_garden

Skill      XL: |  1 |
---------------+----+-----
Armour         | 1 |  1.0
Dodging        | 2 |  2.2
Evocations     | 1 |  1.1
Fighting       | |  3.3
Polearms       | |  1.7
Stealth        | |  4.5

Action                   || total
-------------------------++-------
Melee: Spear             ||    25
       Punch             ||     1
  Use: Potion            ||     2
       Scroll            ||     2
 Stab: Distracted        ||     1
Armor: Leather armour    ||     2
Dodge: Dodged            ||    15
Block: Other             ||     4

Table legend: (Time is in decaauts)
 A = Elapsed time spent in this place.
 B = Non-inter-level travel time spent in this place.
 C = Inter-level travel time spent in this place.
 D = Time resting spent in this place.
 E = Time spent auto-exploring this place.
 F = Levels seen in this place.
 G = Mean time per level.
                   A        B        C        D        E       F      G
               +--------+--------+--------+--------+--------+-----+--------+
         Total |    182 |    182 |      0 |      0 |    124 |   2 |   91.0 |
       Dungeon |    182 |    182 |      0 |      0 |    124 |   2 |   91.0 |
               +--------+--------+--------+--------+--------+-----+--------+

Top non-repeatable levels by time:
     D:5: 98 daAuts
     D:4: 83 daAuts
